 Dungeon Crawl Stone Soup version 0.20-a0-893-g832831a (webtiles) character file.

627 zhorgal the Poker (level 7, -7/52 HPs)
             Began as a Merfolk Skald on Mar 10, 2017.
             Was a Priest of Kikubaaqudgha.
             Mangled by an orc
             ... wielding a +0 trident
             ... summoned by a crimson imp
              (9 damage)
             ... on level 5 of the Dungeon on Mar 17, 2017.
             The game lasted 00:38:55 (5572 turns).

zhorgal the Poker (Merfolk Skald)                   Turns: 5572, Time: 00:38:56

Health: -7/52      AC:  3    Str: 11    XL:     7   Next: 48%
Magic:  5/11       EV: 13    Int: 14    God:    Kikubaaqudgha [***...]
Gold:   265        SH:  0    Dex: 14    Spells: 1/12 levels left

rFire    . . .     SeeInvis .   a - +0 spear
rCold    . . .     Gourm    .   b - +0 leather armour
rNeg     . . .     Faith    .   (no shield)
rPois    .         Spirit   .   (no helmet)
rElec    .         Reflect  .   (no cloak)
rCorr    .         Harm     .   (no gloves)
MR       .....                  (no boots)
Stlth    +.........             (no amulet)
Regen    0.2/turn               (no ring)
MPRegen  0.2/turn               (no ring)

@: about to teleport, infused
A: change form in water, swift swim, stealthy swim
a: Receive Corpses, Renounce Religion


You were on level 5 of the Dungeon.
You worshipped Kikubaaqudgha.
Kikubaaqudgha was most pleased with you.
You were not hungry.

You visited 1 branch of the dungeon, and saw 5 of its levels.

You collected 265 gold pieces.

Inventory:

Hand Weapons
 a - a +0 spear (weapon)
 e - a +2 short sword of electrocution
Missiles
 i - 302 stones (quivered)
 q - 7 javelins
 t - 21 bolts
 y - 8 tomahawks
 z - 16 sling bullets
 C - 34 arrows
Armour
 b - a +0 leather armour (worn)
 h - a +0 ring mail
 m - a +0 ring mail
 v - a +0 plate armour
 w - a +0 ring mail
Jewellery
 p - a +2 amulet of reflection {unknown}
 x - an uncursed ring of protection from magic
Wands
 E - a wand of digging (24/24)
Scrolls
 j - a scroll of amnesia
 o - 5 scrolls of identify
 u - 4 scrolls of teleportation
 A - a scroll of blinking
Potions
 g - a potion of resistance
 k - a potion of haste {unknown}
 n - 2 potions of mutation {unknown}
 r - 2 potions of agility {unknown}
 s - 3 potions of curing {unknown}
Books
 c - a book of Battle

   Spells                             Type                      Level
   a - Infusion                       Charms                       1
   b - Shroud of Golubria             Charms/Translocation         2
   c - Song of Slaying                Charms                       2
   d - Spectral Weapon                Hexes/Charms                 3
   e - Regeneration                   Charms/Necromancy            3
 f - Kikubaaqudgha's Almanac of Evil Magic
   (Kikubaaqudgha gifted it to you on level 3 of the Dungeon)

   Spells                             Type                      Level
   a - Animate Dead                   Necromancy                   4
   b - Bolt of Draining               Conjuration/Necromancy       5
   c - Agony                          Necromancy                   5
   d - Dispel Undead                  Necromancy                   5
   e - Death Channel                  Necromancy                   6
 l - Kikubaaqudgha's Disquisition on Unholy Rituals
   (Kikubaaqudgha gifted it to you on level 2 of the Dungeon)

   Spells                             Type                      Level
   a - Pain                           Necromancy                   1
   b - Corpse Rot                     Necromancy                   2
   c - Sublimation of Blood           Necromancy                   2
   d - Regeneration                   Charms/Necromancy            3
   e - Control Undead                 Necromancy                   4
Comestibles
 d - 3 bread rations
 B - a chunk of flesh


   Skills:
 + Level 3.4 Fighting
 * Level 6.6 Polearms
 - Level 0.6 Armour
 + Level 4.3 Dodging
 + Level 3.1 Spellcasting
 + Level 0.6 Hexes
 * Level 5.4 Charms
 - Level 1.7 Translocations


You had one spell level left.
You knew the following spells:

 Your Spells              Type           Power        Failure   Level  Hunger
a - Infusion              Chrm           ###.         3%          1    #......
b - Shroud of Golubria    Chrm/Tloc      ##........   12%         2    ##.....
c - Regeneration          Chrm/Necr      #.........   28%         3    ###....
d - Spectral Weapon       Hex/Chrm       ##......     28%         3    ###....
e - Song of Slaying       Chrm           ###.....     6%          2    ##.....


Dungeon Overview and Level Annotations

Branches:
Dungeon (5/15)
 Temple: D:4-7

Altars:
Kikubaaqudgha

Annotations:
D:4 Sigmund


Message History

Really abort (and waste the scroll)? [Y]es or [N]o only, please.
Really abort (and waste the scroll)?
Charge which item? (? for menu, Esc to quit)
Your wand of digging (?/24) glows for a moment.
The orc closely misses you. The orc misses you.
As you read the scroll labeled VOROF GOVUOB, it crumbles to dust.
It is a scroll of identify.
Really abort (and waste the scroll)? [Y]es or [N]o only, please.
Really abort (and waste the scroll)?
Uppercase [Y]es or [N]o only, please.
Really abort (and waste the scroll)?
x - an uncursed ring of protection from magic The orc misses you.
The orc hits you but does no damage.
As you read the scroll labeled GUEBBO XEAZAMP, it crumbles to dust.
You feel strangely unstable.
It was a scroll of teleportation.
The orc hits you from afar with a trident!
You die...
Kikubaaqudgha rasps: "You have failed me!
Welcome... death!"

..........#...###..###......
............#...#..# #.....#
#.o.........#..<#..###...#.#
#.o....##..................#
#..o.c.#..##................
#...5..#.###.............#.#
.......#.# #..........##.#.#
#......#.######.............
#.....5.oco@......#.##.#...#
##>.)....o####.........#...#
#.##....## .<..##.##.....#
#..#.. .####.##..#..#
......#. .# #.....#...
#.##......# .# #.........# .
...... . ).............
....... .. .###.#.#.#....
..#...... #. .....#.#....


You could see a centaur, a crimson imp and 3 orcs.

Vanquished Creatures
  An ogre (D:5)
  4 big kobolds
  A scorpion (D:5)
  A hound (D:5)
  A worker ant zombie (D:5)
  A gnoll (D:2)
  5 adders
  An ooze (D:3)
  2 worms
  2 dart slugs
  A leopard gecko (D:2)
  3 orcs (D:3)
  A giant cockroach (D:1)
  10 hobgoblins
  6 jackals (D:2)
  49 kobolds
  4 quokkas
  9 bats
  4 frilled lizards
  5 goblins
  A quokka skeleton (D:5)
  9 rats
121 creatures vanquished.

Notes
Turn   | Place    | Note
-------+----------+-------------------------------------------
     0 | D:1      | zhorgal the Merfolk Skald began the quest for the Orb.
     0 | D:1      | Reached XP level 1. HP: 16/16 MP: 3/3
    29 | D:1      | Upgraded the game from 0.20-a0-850-ge5a7832 to 0.20-a0-871-g785f14b
   153 | D:1      | Reached XP level 2. HP: 20/22 MP: 0/5
   239 | D:1      | Learned a level 2 spell: Shroud of Golubria
   805 | D:2      | Reached XP level 3. HP: 19/28 MP: 0/6
   812 | D:2      | Learned a level 3 spell: Regeneration
  1065 | D:2      | Upgraded the game from 0.20-a0-871-g785f14b to 0.20-a0-876-g2c7b0bf
  1123 | D:2      | Found a faded altar of an unknown god.
  1137 | D:2      | Upgraded the game from 0.20-a0-876-g2c7b0bf to 0.20-a0-893-g832831a
  1416 | D:2      | Became a worshipper of Kikubaaqudgha
  1416 | D:2      | Reached * piety under Kikubaaqudgha
  1416 | D:2      | Identified Kikubaaqudgha's Disquisition on Unholy Rituals (Kikubaaqudgha gifted it to you on level 2 of the Dungeon)
  1416 | D:2      | Received a gift from Kikubaaqudgha
  1704 | D:2      | Reached skill level 4 in Polearms
  1856 | D:2      | Reached XP level 4. HP: 34/34 MP: 7/7
  2446 | D:3      | Noticed a big kobold
  2448 | D:3      | Reached ** piety under Kikubaaqudgha
  2475 | D:3      | HP: 1/34 [kobold (4)]
  2830 | D:3      | Killed a big kobold
  2830 | D:3      | Reached skill level 1 in Translocations
  2830 | D:3      | Reached XP level 5. HP: 38/39 MP: 0/8
  2995 | D:3      | Reached skill level 5 in Polearms
  3081 | D:3      | Noticed a big kobold
  3081 | D:3      | Noticed a big kobold
  3405 | D:2      | Killed a big kobold
  3405 | D:2      | Reached XP level 6. HP: 32/46 MP: 0/9
  4598 | D:3      | Reached *** piety under Kikubaaqudgha
  4607 | D:3      | Identified Kikubaaqudgha's Almanac of Evil Magic (Kikubaaqudgha gifted it to you on level 3 of the Dungeon)
  4607 | D:3      | Received a gift from Kikubaaqudgha
  4607 | D:3      | Reached skill level 6 in Polearms
  4607 | D:3      | Reached skill level 5 in Charms
  4799 | D:3      | Reached XP level 7. HP: 49/52 MP: 11/11
  5005 | D:3      | Learned a level 3 spell: Spectral Weapon
  5008 | D:3      | Learned a level 2 spell: Song of Slaying
  5096 | D:4      | Noticed Sigmund
  5101 | D:5      | Entered Level 5 of the Dungeon
  5189 | D:5      | Found an ancient bone altar of Kikubaaqudgha.
  5569 | D:5      | HP: 1/52 [centaur/arrow[a crimson imp] (7)]
  5572 | D:5      | Mangled by an orc

Vault maps used:
D:1:      elethiomel_arrival_quiet, st_stairs_6, minivault_27,
          nrook_mini_backslash, minmay_pentomino_w2
D:2:      chequers_ecumenical_altar_island
D:3:      minmay_goblin_kobold_castle, grunt_decor_fettered,
          kennysheep_another_room
D:4:      uniq_sigmund
D:5:      kiku_gazebo_pond_becter, overflow_temple_1_default, first_bread

Skill      XL: |  1  2  3  4  5  6  7 |
---------------+----------------------+-----
Charms         | 4 5 |  5.4
Polearms       | 4 5 6 |  6.6
Dodging        | 3 4 |  4.3
Translocations | 1 |  1.7
Fighting       | 3 |  3.4
Spellcasting   | 3 |  3.1
Armour         | |  0.6
Hexes          | |  0.6

Action                   |  1- 3 |  4- 6 |  7- 9 || total
-------------------------+-------+-------+-------++-------
Melee: Spear             |   141 |   321 |   110 ||   572
       Tailslap          |       |       |     1 ||     1
Throw: Stone             |       |       |     3 ||     3
 Cast: Infusion          |     6 |     6 |     5 ||    17
       Shroud of Golubri |     1 |     3 |       ||     4
  Use: Scroll            |       |     3 |     4 ||     7
 Stab: Sleeping          |     2 |     2 |     1 ||     5
  Eat: Chunk             |     3 |     3 |       ||     6
       Fruit             |       |     1 |       ||     1
       Meat ration       |       |     1 |       ||     1
       Bread ration      |       |       |     1 ||     1
Armor: Leather armour    |    35 |    42 |    10 ||    87
Dodge: Dodged            |    85 |   177 |    48 ||   310
